 Dungeon Crawl Stone Soup version 0.30-a0-570-g486de37d69 (webtiles) character file.

Game seed: 12703218454579997940

3752 Ijustatesigmund the Cleaver (level 10, 0/94 HPs)
             Began as a Hill Orc Fighter on Dec 29, 2022.
             Was a Follower of Qazlal.
             Slain by a killer bee (3 damage)
             ... on level 8 of the Dungeon.
             The game lasted 00:09:51 (7085 turns).

Ijustatesigmund the Cleaver (Hill Orc Fighter)      Turns: 7085, Time: 00:09:52

Health: 0/94       AC:  8    Str: 22    XL:     10   Next: 15%
Magic:  15/15      EV: 10    Int:  8    God:    Qazlal [*.....]
Gold:   435        SH:  6    Dex: 12    Spells: 9/9 levels left

rFire   . . .      SeeInvis +    a - +0 war axe (freeze)
rCold   . . .      Faith    .    c - +0 buckler
rNeg    . . .      Spirit   .    w - +0 steam dragon scales
rPois   .          Reflect  .    (no helmet)
rElec   .          Harm     .    (no cloak)
rCorr   +          Rampage  .    (no gloves)
Will    .....      Rage     3%   k - +1 pair of boots
Stlth   +                        u - amulet of the acrobat
HPRegen 0.35/turn                n - ring of resist corrosion
MPRegen 0.14/turn                o - ring of see invisible

@: mighty, attractive, flying
A: berserk 1
a: Renounce Religion


You were on level 8 of the Dungeon.
You worshipped Qazlal.
Qazlal was aware of your devotion.
You visited 2 branches of the dungeon, and saw 9 of its levels.

You collected 435 gold pieces.

Inventory:

Hand Weapons
 a - a +0 war axe of freezing (weapon)
 b - a +4 flail
 y - a +2 war axe
Armour
 c - a +0 buckler (worn)
 k - a +1 pair of boots (worn)
 w - +0 steam dragon scales (worn)
Jewellery
 n - a ring of resist corrosion (left hand)
 o - a ring of see invisible (right hand)
 u - an amulet of the acrobat (around neck)
Wands
 q - a wand of digging (3)
Scrolls
 h - 5 scrolls of identify
 j - a scroll of amnesia
 m - 2 scrolls of vulnerability
 r - a scroll of magic mapping
 x - 3 scrolls of immolation {unknown}
Potions
 d - 3 potions of might
 f - a potion of brilliance
 i - 4 potions of magic
 s - a potion of berserk rage {unknown}


   Skills:
 + Level 10.6 Fighting
 + Level 11.2 Axes
 + Level 7.0 Armour
 - Level 3.2 Shields
 + Level 7.3 Invocations


You had 9 spell levels left.
You didn't know any spells.
Your spell library contained the following spells:

 Spells                   Type           Power      Damage    Failure   Level
 Kiss of Death            Conj/Necr      0%         2d5       50%         1
 Magic Dart               Conj           0%         1d3       50%         1
 Blink                    Tloc           0%         N/A       65%         2
 Call Imp                 Summ           0%         N/A       65%         2
 Momentum Strike          Conj/Tloc      0%         3d8       65%         2
 Call Canine Familiar     Summ           0%         N/A       86%         3
 Confusing Touch          Hex            0%         N/A       86%         3
 Dazzling Flash           Conj/Hex       0%         N/A       86%         3
 Lesser Beckoning         Tloc           0%         N/A       86%         3
 Mephitic Cloud           Conj/Pois/Air  0%         N/A       86%         3
 Portal Projectile        Hex/Tloc       0%         N/A       86%         3
 Tukima's Dance           Hex            0%         N/A       86%         3
 Animate Dead             Necr           0%         N/A       99%         4
 Dispel Undead            Necr           0%         3d6       99%         4
 Iskenderun's Mystic Bla  Conj/Tloc      0%         2d3       99%         4
 Leda's Liquefaction      Hex/Erth       0%         N/A       99%         4
 Blade Hands              Tmut           0%         N/A       100%        5
 Borgnjor's Vile Clutch   Necr/Erth      0%         N/A       100%        5
 Death Channel            Necr           0%         N/A       100%        6
 Starburst                Conj/Fire      0%         6d3       100%        6


Dungeon Overview and Level Annotations

Branches:
Dungeon (8/15)             Temple (1/1) D:6
   Lair: D:8-11

Altars:
Ashenzari
Cheibriados
Dithmenos
Fedhas
Gozag
Hepliaklqana
Makhleb
Nemelex Xobeh
Okawaru
Qazlal
Ru
Sif Muna
Trog
Uskayaw
Vehumet
Wu Jian
Xom
Yredelemnul

Shops:
D:6 =[

Annotations:
D:4 3 runed translucent doors, semem's ghost, novice KoHu


Innate Abilities, Weirdness & Mutations

You sometimes lose your temper in combat.


Message History

You kill the bullfrog!
Qazlal accepts your kill. The acid dragon spits acid at you.
The splash of acid misses you.
Found 3 silver boomerangs.
Found a book of Displacement.
You slash the orc! You freeze the orc.
You kill the orc!
Qazlal accepts your kill.
You hear an angry buzzing noise.
A killer bee comes into view.
You hear a howl!
You feel very mighty all of a sudden. The killer bee stings you.
* * * LOW HITPOINT WARNING * * *
You closely miss the killer bee. The killer bee stings you.
* * * LOW HITPOINT WARNING * * *
The killer bee stings you but does no damage.
You completely miss the acid dragon. You closely miss the killer bee.
The killer bee stings you.
* * * LOW HITPOINT WARNING * * *
The acid dragon spits acid at you. The splash of acid hits you! You resist.
* * * LOW HITPOINT WARNING * * *
The killer bee stings you.
* * * LOW HITPOINT WARNING * * *
You are lethally poisoned!
The killer bee poisons you! You block the orc warrior's attack.
You feel better. The killer bee misses you.
The killer bee stings you but does no damage.
The acid dragon misses you. The acid dragon claws you.
* * * LOW HITPOINT WARNING * * *
You block the killer bee's attack. The killer bee stings you!
* * * LOW HITPOINT WARNING * * *
The orc warrior hits you with a +0 flail.
* * * LOW HITPOINT WARNING * * *
It was a potion of attraction.
You feel attractive to monsters.
You are no longer corroded.
You block the killer bee's attack. The killer bee stings you.
You die...

### ##.# ..:.. #...
..... ... ......
#.# ...... ###
###.#####......
....#....5.........
#.......##Dy.......
##.#..#.###@.......
#...D.##yo......
#...5..#........
#.......##....(.
.................
#..#~~≈~≈~~o~≈~~~≈#
#.....####..######~
##.... #..# ~....
o.#


You could see an orc warrior, an acid dragon, 2 killer bees and a white imp.

Vanquished Creatures
  Pikel (D:6)
  Maggie (D:6)
  A troll (D:8)
  Grinder (D:6)
  A wyvern (D:7)
  A steam dragon (D:7)
  2 water moccasins (D:7)
  An orc warrior (D:7)
  3 sky beasts
  A black bear (D:4)
  An ogre (D:7)
  2 bullfrogs
  2 scorpions
  6 wights
  6 killer bees
  4 howler monkeys (D:7)
  2 hounds
  A jelly (D:6)
  2 orc priests
  8 iguanas
  3 orc wizards
  4 gnolls (D:3)
  8 adders
  An ufetubus (D:5)
  5 worms
  12 orcs
  7 endoplasms
  3 giant cockroaches
  3 goblins (D:3)
  5 hobgoblins
  6 jackals
  6 quokkas
  6 ball pythons
  7 bats
  2 frilled lizards (D:1)
  A kobold (D:1)
  6 rats
132 creatures vanquished.

Notes
Turn   | Place    | Note
-------+----------+-------------------------------------------
     0 | D:1      | Ijustatesigmund the Hill Orc Fighter began the quest for
                  | the Orb.
     0 | D:1      | Reached XP level 1. HP: 19/19 MP: 1/1
    46 | D:1      | Reached skill level 3 in Axes
   190 | D:1      | Reached XP level 2. HP: 22/27 MP: 2/2
   624 | D:2      | Found a broken altar of Ashenzari.
   721 | D:2      | Reached XP level 3. HP: 34/34 MP: 3/3
   810 | D:2      | Reached skill level 4 in Axes
  1195 | D:2      | Reached XP level 4. HP: 34/41 MP: 4/4
  1405 | D:3      | Reached skill level 5 in Fighting
  1614 | D:3      | Reached skill level 5 in Axes
  1665 | D:3      | Found a basalt altar of Yredelemnul.
  1861 | D:3      | Reached XP level 5. HP: 48/48 MP: 5/5
  1990 | D:3      | Found a broken altar of Ashenzari.
  2767 | D:4      | Noticed a black bear
  2774 | D:4      | Killed a black bear
  2775 | D:4      | Reached skill level 6 in Axes
  2775 | D:4      | Reached XP level 6. HP: 40/58 MP: 6/6
  3030 | D:4      | Found an opulent altar of Gozag.
  3099 | D:4      | Found a sparkling altar of Nemelex Xobeh.
  3099 | D:4      | Found an ornate altar of the Wu Jian Council.
  3105 | D:4      | Found a sacrificial altar of Ru.
  3105 | D:4      | Found a stormy altar of Qazlal.
  3295 | D:4      | Found a runed translucent gate.
  3295 | D:4      | Found a runed translucent gate.
  3296 | D:4      | Found a runed translucent gate.
  3327 | D:4      | Noticed semem's ghost (novice KoHu)
  3376 | D:5      | Entered Level 5 of the Dungeon
  3392 | D:5      | Found a radiant altar of Vehumet.
  3732 | D:5      | Reached skill level 7 in Axes
  3732 | D:5      | Reached XP level 7. HP: 66/66 MP: 7/7
  3831 | D:5      | Found a shadowy altar of Dithmenos.
  3832 | D:5      | Found a hazy altar of Hepliaklqana.
  3834 | D:5      | Noticed a shadow
  4324 | D:6      | Found Paicwov's Antique Armour Shop.
  4360 | D:6      | Noticed Grinder
  4373 | D:6      | Killed Grinder
  4374 | D:6      | Reached skill level 8 in Axes
  4464 | D:6      | Found a staircase to the Ecumenical Temple.
  4483 | Temple   | Entered the Ecumenical Temple
  4678 | D:4      | Became a worshipper of Qazlal Stormbringer
  4862 | D:6      | Noticed Maggie
  4873 | D:6      | Killed Maggie
  4874 | D:6      | Reached XP level 8. HP: 51/75 MP: 7/9
  5101 | D:6      | Reached skill level 9 in Axes
  5163 | D:6      | Noticed Pikel
  5175 | D:6      | Killed Pikel
  5176 | D:6      | Reached skill level 5 in Armour
  5176 | D:6      | Reached XP level 9. HP: 55/83 MP: 10/12
  5292 | D:6      | Found Jeukouh's Jewellery Emporium.
  5775 | D:7      | Reached skill level 5 in Invocations
  5777 | D:7      | Reached skill level 10 in Axes
  6084 | D:7      | Reached * piety under Qazlal
  6085 | D:7      | Reached skill level 10 in Fighting
  6701 | D:8      | Noticed a troll
  6711 | D:8      | Killed a troll
  6712 | D:8      | Reached skill level 11 in Axes
  6712 | D:8      | Reached XP level 10. HP: 36/94 MP: 15/15
  7074 | D:8      | Gained mutation: You sometimes lose your temper in combat.
                  | [potion of mutation]
  7084 | D:8      | HP: 3/94 [orc warrior/+0 flail (5)]
  7085 | D:8      | Slain by a killer bee

Illustrated notes

Levels and vault maps discovered:
D:1:      ncdulo_lavacross, layout_basic
D:2:      layout_loops_ring, basic_altar, minmay_pentomino_r2
D:3:      layout_basic, mainiacjoe_overflow_small_starburst,
          mainiacjoe_overflow_six_doors_small, serial_curves, eino_curves_02,
          eino_curves_02, eino_curves_01, eino_curves_03
D:4:      layout_basic, marbit_many_paths, grunt_temple_overflow_open,
          gammafunk_ghost_necromancy
D:5:      layout_basic, riverfiend_overflow_shadow_ancestor,
          mainiacjoe_overflow_chevrons, minivault_25, minmay_crystal_room
D:6:      layout_gridville, minmay_temple_entry_mini_moons,
          nicolae_wooded_promenade, uniq_maggie, uniq_pikel, uniq_grinder
D:7:      layout_cave_pools
D:8:      cheibrodos_ideogram_h, layout_cave_pools, grunt_decor_resistance,
          grunt_ministairs_5, minmay_diced_spiral
Temple:   nicolae_temple_superstar

Skill      XL: |  1  2  3  4  5  6  7  8  9 10 |
---------------+-------------------------------+-----
Axes           | 3 4 5 6 7 8 9 11 | 11.2
Fighting       | 4 5 6 7 8 9 10 | 10.6
Invocations    | 2 4 7 |  7.3
Armour         | 5 6 7 |  7.0
Shields        | |  3.2

Action                   |  1- 3 |  4- 6 |  7- 9 | 10-12 || total
-------------------------+-------+-------+-------+-------++-------
Melee: War axe           |    94 |   145 |   156 |    50 ||   445
Evoke: Wand              |       |       |       |     1 ||     1
  Use: Scroll            |       |    15 |       |     2 ||    17
       Potion            |       |       |       |     9 ||     9
Armor: Scale mail        |    54 |    69 |     8 |       ||   131
       Steam dragon scal |       |       |    49 |    28 ||    77
Dodge: Dodged            |    53 |    73 |    98 |    36 ||   260
Block: Buckler           |    18 |    27 |    32 |    24 ||   101

Table legend: (Time is in decaauts)
 A = Elapsed time spent in this place.
 B = Non-inter-level travel time spent in this place.
 C = Inter-level travel time spent in this place.
 D = Time resting spent in this place.
 E = Time spent auto-exploring this place.
 F = Levels seen in this place.
 G = Mean time per level.
                   A        B        C        D        E       F      G
               +--------+--------+--------+--------+--------+-----+--------+
         Total |   7164 |   6808 |    356 |    367 |   5430 |   9 |  796.0 |
       Dungeon |   7059 |   6719 |    340 |    367 |   5350 |   8 |  882.4 |
        Temple |    104 |     88 |     16 |      0 |     80 |   1 |  104.0 |
               +--------+--------+--------+--------+--------+-----+--------+

Top non-repeatable levels by time:
     D:6: 1164 daAuts
     D:3: 1130 daAuts
     D:5: 1007 daAuts
     D:4: 972 daAuts
     D:7: 935 daAuts
     D:2: 846 daAuts
     D:1: 613 daAuts
     D:8: 389 daAuts
  Temple: 104 daAuts
